 Dungeon Crawl Stone Soup version 0.22-a0-348-gd16d139 (webtiles) character file.

98 xccam the Slasher (level 4, -6/35 HPs)
             Began as a Demonspawn Monk on Apr 7, 2018.
             Killed by divine providence
             ... invoked by an orc priest
              (7 damage)
             ... on level 3 of the Dungeon.
             The game lasted 00:02:19 (2038 turns).

xccam the Slasher (Demonspawn Monk)                 Turns: 2038, Time: 00:02:20

Health: -6/35      AC:  6    Str: 12    XL:     4   Next: 43%
Magic:  4/4        EV: 13    Int: 12    God:
Gold:   155        SH:  0    Dex: 15    Spells: 3/3 levels left

rFire    . . .     SeeInvis .   a - +0 falchion
rCold    . . .     Gourm    .   (no shield)
rNeg     . . .     Faith    .   b - +0 robe
rPois    .         Spirit   .   (no helmet)
rElec    .         Reflect  .   (no cloak)
rCorr    .         Harm     .   e - +1 pair of gloves
MR       .....                  (no boots)
Stlth    +++.......             m - amulet of magic regeneration
HPRegen  0.11/turn              l - ring of flight
MPRegen  0.34/turn              (no ring)

@: no status effects
A: yellow scales 1, nightstalker 1
a: Evoke Flight


You were on level 3 of the Dungeon.
You were hungry.

You visited 1 branch of the dungeon, and saw 3 of its levels.

You collected 155 gold pieces.

Inventory:

Hand Weapons
 a - a +0 falchion (weapon)
Armour
 b - a +0 robe (worn)
 e - a +1 pair of gloves (worn)
Jewellery
 l - a ring of flight (left hand)
 m - an amulet of magic regeneration (around neck)
Scrolls
 d - 3 scrolls of identify {unknown}
 f - 2 scrolls of immolation {unknown}
 g - a scroll of magic mapping {unknown}
 h - 3 scrolls of fear {unknown}
 i - 4 scrolls of remove curse {unknown}
 j - a scroll of blinking {unknown}
 k - a scroll of enchant armour {unknown}
Comestibles
 c - 7 rations


   Skills:
 - Level 3.0 Fighting
 + Level 4.8 Long Blades
 - Level 2.6 Dodging
 - Level 1.7 Stealth


You had 3 spell levels left.
You didn't know any spells.

Dungeon Overview and Level Annotations

Branches:
Dungeon (3/15)

Altars:
Ru


Innate Abilities, Weirdness & Mutations

You are partially covered in yellow scales. (AC +2)
You are slightly more attuned to the shadows.


Message History

You kill the leopard gecko!
You swing at nothing.
The jackal completely misses you.
An orc comes into view. It is wielding a flail.
You hit the jackal.
You kill the jackal!
You hit the orc priest.
The orc priest is moderately wounded.
The orc priest mumbles some strange prayers to Beogh against you.
Pain shoots through your body!
* * * LOW HITPOINT WARNING * * *
The orc priest hits you but does no damage.
You hit the orc priest.
The orc priest is severely wounded.
The orc priest misses you.
A jackal comes into view.
You barely miss the orc priest.
The orc priest is severely wounded.
The orc priest calls down the wrath of Beogh upon you.
Beogh smites you!
You die...

#####...#.........
#............#....
#.#####.#.........
#.# .......#......
#.# ###....#......
. #.#
#............. #.
#.# #.............
#. #.#
#......<....#.
#..#@#
#......#....#.
#.#o# #.........#.#
#.ho#...........#.#
##.)#####.......(..
#[)..............
#.################
.. ##. ##


You could see an orc priest, an orc and a jackal (wandering).

Vanquished Creatures
  2 adders (D:2)
  An ooze (D:2)
  A worm (D:2)
  4 dart slugs
  5 leopard geckos
  3 orcs (D:3)
  6 bats
  3 giant cockroaches (D:1)
  2 goblins
  4 hobgoblins
  4 jackals
  8 kobolds
  2 quokkas (D:2)
  2 frilled lizards (D:2)
  7 rats
54 creatures vanquished.

Notes
Turn   | Place    | Note
-------+----------+-------------------------------------------
     0 | D:1      | xccam the Demonspawn Monk began the quest for the Orb.
     0 | D:1      | Reached XP level 1. HP: 18/18 MP: 1/1
    17 | D:1      | Reached skill level 3 in Long Blades
    61 | D:1      | Gained mutation: You are slightly more attuned to the shadows. [demonic ancestry]
    61 | D:1      | Reached XP level 2. HP: 10/24 MP: 2/2
   511 | D:1      | Gained mutation: You are partially covered in yellow scales. (AC +2) [demonic ancestry]
   511 | D:1      | Reached XP level 3. HP: 29/29 MP: 3/3
   696 | D:2      | Reached skill level 4 in Long Blades
  1162 | D:2      | Reached XP level 4. HP: 33/35 MP: 4/4
  1176 | D:2      | Found a sacrificial altar of Ru.
  2036 | D:3      | HP: 1/35 [orc priest/nerve-wracking pain (12)]
  2038 | D:3      | Killed from afar by an orc priest

Vault maps used:
D:1:      dpeg_arrival_simpleton_c
D:2:      nicolae_ru_the_path_less_chosen, first_ration
D:3:      fedhas_altar_4, uniq_sigmund

Skill      XL: |  1  2  3 |
---------------+----------+-----
Long Blades    | 3 4 |  4.8
Fighting       | |  3.0
Dodging        | |  2.6
Stealth        | |  1.7

Action                   |  1- 3 |  4- 6 || total
-------------------------+-------+-------++-------
Melee: Falchion          |   108 |    61 ||   169
 Stab: Sleeping          |    11 |     1 ||    12
  Eat: Chunk             |       |     3 ||     3
Armor: Robe              |    29 |    18 ||    47
Dodge: Dodged            |    78 |    41 ||   119
       Rpst.: Falchion   |    29 |    15 ||    44

Table legend:
 A = Spawn XP
 B = Non-spawn XP
 C = Spawn XP percentage of total XP
 D = Spawn monster count
 E = Non-spawn monster count
 F = Spawn count percentage of total count
 G = Total turns spent on level
                    A         B        C        D         E        F      G
               +---------+---------+-------+---------+---------+-------+---------
         Total |       0 |     140 |   0.0 |       0 |      54 |   0.0 |  2038
               +---------+---------+-------+---------+---------+-------+---------
           D:1 |       0 |      45 |   0.0 |       0 |      21 |   0.0 |   678
           D:2 |       0 |      79 |   0.0 |       0 |      27 |   0.0 |  1292
           D:3 |       0 |      16 |   0.0 |       0 |       6 |   0.0 |    68
               +---------+---------+-------+---------+---------+-------+---------
